 Dungeon Crawl Stone Soup version 0.32-a0-131-g9dbbe29261 (webtiles) character file.

Game seed: 15774717504516473989

270 SmokeWeed the Poker (level 6, -3/70 HPs)
             Began as a Merfolk Gladiator on Feb 9, 2024.
             Slain by Pikel
             ... wielding a +1 whip of freezing
              (7 damage)
             ... on level 5 of the Dungeon.
             The game lasted 00:09:21 (2604 turns).

SmokeWeed the Poker (Merfolk Gladiator)             Turns: 2604, Time: 00:09:21

Health: -3/70      AC:  8    Str: 16    XL:     6   Next: 22%
Magic:  6/6        EV:  7    Int: 13    God:
Gold:   151        SH: 11    Dex: 16    Spells: 5/5 levels left

rFire   + + .        a - +0 trident
rCold   + . .        F - +0 tower shield
rNeg    . . .        m - +0 scale mail
rPois   +            c - +0 helmet
rElec   +            (no cloak)
rCorr   +            l - +0 pair of gloves
SInv    .            (no boots)
Will    +....        (no amulet) Stlth
                     f - ring of protection from fire
HPRegen 0.31/turn    h - +6 ring of intelligence
MPRegen 0.10/turn

%: no passive effects
@: berserking (expiring), resistant, enlightened, flying, very quick
A: (nimble swimmer 2), mertail
a: no special abilities


You were on level 5 of the Dungeon.
You visited 1 branch of the dungeon, and saw 5 of its levels.

You collected 151 gold pieces.

Inventory:

Hand Weapons
 a - a +0 trident (weapon)
Missiles
 d - 3 throwing nets
 j - 6 boomerangs (quivered)
 o - 18 stones
 A - 4 poisoned darts
Armour
 c - a +0 helmet (worn)
 l - a +0 pair of gloves (worn)
 m - a +0 scale mail (worn)
 F - a +0 tower shield (worn)
Magical Staves
 p - a staff of alchemy
 v - a staff of conjuration
Jewellery
 f - a ring of protection from fire (left hand)
 h - a +6 ring of intelligence (right hand)
 n - a ring of magical power
 w - an amulet of magic regeneration
Wands
 D - a wand of paralysis (3)
Scrolls
 g - a scroll of noise {unknown}
 k - 2 scrolls of identify {unknown}
 q - 2 scrolls of enchant weapon {unknown}
 r - 2 scrolls of teleportation {unknown}
 y - a scroll of poison {unknown}
 z - 2 scrolls of revelation {unknown}
 B - a scroll of brand weapon {unknown}
Potions
 b - a potion of might
 s - a potion of degeneration {unknown}
 t - 4 potions of curing
 C - a potion of brilliance {unknown}
 E - a potion of ambrosia {unknown}


   Skills:
 + Level 3.4 Fighting
 + Level 6.6 Polearms
 + Level 2.6 Throwing
 + Level 1.5 Armour
 + Level 4.8 Dodging
 + Level 0.3 Stealth
 + Level 0.1 Shields


You had 5 spell levels left.
You didn't know any spells.
Your spell library contained the following spells:

 Spells                   Type           Power      Damage    Failure   Level
 Kiss of Death            Conj/Necr      0%         2d5       100%        1
 Confusing Touch          Hex            0%         N/A       100%        3
 Dazzling Flash           Conj/Hex       0%         N/A       100%        3
 Frozen Ramparts          Ice            0%         1d1       100%        3
 Volatile Blastmotes      Fire/Tloc      0%         2d10      100%        3
 Dispel Undead            Necr           0%         3d6       100%        4
 Ignite Poison            Fire/Alch      0%         N/A       100%        4
 Leda's Liquefaction      Alch/Erth      0%         N/A       100%        4
 Petrify                  Alch/Erth      0%         N/A       100%        4
 Sticky Flame             Fire/Alch      0%         2d4       100%        4
 Summon Blazeheart Golem  Fire/Summ      0%         N/A       100%        4
 Metabolic Englaciation   Hex/Ice        0%         N/A       100%        5
 Starburst                Conj/Fire      0%         6d3       100%        6
 Orb of Destruction       Conj           0%         9d5       100%        7
 Spellforged Servitor     Conj/Summ      0%         N/A       100%        7
 Ignition                 Fire           0%         3d3       100%        8
 Maxwell's Capacitive Co  Air            0%         ∞         100%        8


Dungeon Overview and Level Annotations

Branches:
Dungeon (4/15)
 Temple: D:4-7

Altars:
Zin

Annotations:
D:5 Pikel


Innate Abilities, Weirdness & Mutations

((You are very nimble when in or above water. (Stealth+, EV+, Speed+++)))
Your lower body shifts to a powerful aquatic tail in water.


Message History

You puncture the gnoll bouda!
The gnoll bouda is severely wounded.
You block the gnoll bouda's attack.
You puncture the gnoll bouda!
You kill the gnoll bouda!
You hit Pikel.
Pikel is moderately wounded.
You block Pikel's attack.
You barely miss Pikel.
Pikel is moderately wounded.
You block Pikel's attack.
You hit Pikel.
Pikel is heavily wounded.
Pikel barely misses you.
You miss Pikel.
Pikel is heavily wounded.
You block Pikel's attack.
You barely miss Pikel.
Pikel is heavily wounded.
You block Pikel's attack.
You hit Pikel.
Pikel is heavily wounded.
Pikel hits you with a +1 whip of freezing.
* * * LOW HITPOINT WARNING * * *
You closely miss Pikel.
Pikel is heavily wounded.
You feel a little less mighty now.
Pikel hits you with a +1 whip of freezing!
* * * LOW HITPOINT WARNING * * *
Pikel freezes you.
* * * LOW HITPOINT WARNING * * *
You barely miss Pikel.
Pikel is heavily wounded.
Pikel hits you with a +1 whip of freezing.
* * * LOW HITPOINT WARNING * * *
You closely miss Pikel.
Pikel is heavily wounded.
Pikel hits you with a +1 whip of freezing!
You die...
Pikel says, "See you in Hell!"

. #.o#....# ###..#
#...#....(######..#
..............$...
#
........##O#######
.#########S# #5#
#s# #K# #@# #.# #.#
#.# ..# ..# .## ..


You could see Pikel, an ogre, a lemure, a scorpion and an adder.

Vanquished Creatures
  3 lemures (D:5)
  2 scorpions
  A gnoll bouda (D:5)
  A gnoll (D:4)
  4 adders (D:3)
  2 ribbon worms
  3 dart slugs
  2 orcs
  6 ball pythons
  10 endoplasms
  2 giant cockroaches (D:1)
  8 goblins
  8 hobgoblins
  3 quokkas
  3 bats
  4 frilled lizards
  4 kobolds
  A rat (D:1)
67 creatures vanquished.

Notes
Turn   | Place    | Note
-------+----------+-------------------------------------------
     0 | D:1      | SmokeWeed the Merfolk Gladiator began the quest for the
                  | Orb.
     0 | D:1      | Reached XP level 1. HP: 16/16 MP: 1/1
   151 | D:1      | Reached XP level 2. HP: 23/23 MP: 2/2
   606 | D:1      | Reached XP level 3. HP: 28/28 MP: 3/3
   824 | D:2      | Found a faded altar of an unknown god.
   944 | D:2      | Found a glowing silver altar of Zin.
  1650 | D:3      | Reached XP level 4. HP: 34/34 MP: 4/4
  1680 | D:3      | Reached skill level 5 in Polearms
  2208 | D:3      | Identified the +0 robe "Pomiczaj" {Will- Regen+ Dex+3}
  2429 | D:4      | Reached XP level 5. HP: 37/41 MP: 5/5
  2462 | D:4      | Reached skill level 6 in Polearms
  2462 | D:4      | Reached skill level 1 in Armour
  2522 | D:4      | You fall into a shaft and drop 1 floor!
  2522 | D:5      | Entered Level 5 of the Dungeon
  2549 | D:5      | Noticed a lemure
  2549 | D:5      | Noticed a lemure
  2549 | D:5      | Noticed a lemure
  2549 | D:5      | Noticed Pikel
  2566 | D:5      | Reached XP level 6. HP: 36/47 MP: 6/6
  2604 | D:5      | Slain by Pikel

Illustrated notes

Levels and vault maps discovered:
D:1:      lightli_arrival_quake, layout_loops_cross, minmay_pentomino_v4
D:2:      layout_basic, basic_altar,
          hellmonk_ecumenical_altar_pennies_from_heaven, minmay_misc_feat_tiny,
          minmay_small_reverse_x
D:3:      layout_loops_ring
D:4:      layout_basic, mainiacjoe_overflow_catwalk_spiral,
          nicolae_overflow_quartered_altars, minmay_checkerbox
D:5:      cheibrodos_fzero, layout_basic, lemuel_crystal_altar,
          nicolae_qazlal_eye_of_the_storm, minmay_temple_entry_sparse_star,
          dk_noncrumbling_4, uniq_crazy_yiuf_cottage, uniq_pikel,
          uniq_blork_the_orc

Skill      XL: |  1  2  3  4  5 |
---------------+----------------+-----
Polearms       | 5 6 |  6.6
Fighting       | 3 |  3.4
Armour         | 1 |  1.5
Throwing       | |  2.6
Dodging        | |  4.8
Stealth        | |  0.3
Shields        | |  0.1

Action                     |  1- 3 |  4- 6 || total
---------------------------+-------+-------++-------
  Melee: Trident           |   111 |   109 ||   220
         Punch             |       |     2 ||     2
  Throw: Boomerang         |    11 |     1 ||    12
         Stone             |     8 |     4 ||    12
         Javelin           |       |     1 ||     1
    Use: Scroll            |     1 |       ||     1
         Potion            |       |     5 ||     5
 Armour: Leather armour    |     3 |       ||     3
         Scale mail        |    37 |    63 ||   100
  Dodge: Dodged            |    51 |    52 ||   103
  Block: Tower shield      |       |    18 ||    18

Table legend: (Time is in decaauts)
 A = Elapsed time spent in this place.
 B = Non-inter-level travel time spent in this place.
 C = Inter-level travel time spent in this place.
 D = Time resting spent in this place.
 E = Time spent auto-exploring this place.
 F = Levels seen in this place.
 G = Mean time per level.
                   A        B        C        D        E       F      G
               +--------+--------+--------+--------+--------+-----+--------+
         Total |   2625 |   2435 |    190 |     77 |   1739 |   5 |  525.0 |
       Dungeon |   2625 |   2435 |    190 |     77 |   1739 |   5 |  525.0 |
               +--------+--------+--------+--------+--------+-----+--------+

Top non-repeatable levels by time:
     D:3: 865 daAuts
     D:2: 825 daAuts
     D:1: 715 daAuts
     D:4: 125 daAuts
     D:5: 93 daAuts
